 Dungeon Crawl Stone Soup version 0.26.1-2-gb8aa6d0cf2 (webtiles) character file.

Game seed: 8991669094843124094

44 Descartes the Conjurer (level 3, -4/20 HPs)
             Began as a Deep Elf Wanderer on Feb 13, 2021.
             Killed from afar by Sigmund (8 damage)
             ... with a puff of flame
             ... on level 2 of the Dungeon.
             The game lasted 00:03:20 (2274 turns).

Descartes the Conjurer (Deep Elf Wanderer)          Turns: 2274, Time: 00:03:21

Health: -4/20      AC:  3    Str:  8    XL:     3   Next: 41%
Magic:  6/9        EV: 10    Int: 15    God:
Gold:   91         SH:  0    Dex: 17    Spells: 7/8 levels left

rFire    . . .     SeeInvis .   j - +0 dagger (curse)
rCold    . . .     Faith    .   (no shield)
rNeg     . . .     Spirit   .   h - +0 leather armour
rPois    .         Reflect  .   (no helmet)
rElec    .         Harm     .   (no cloak)
rCorr    .         Rampage  .   (no gloves)
Will     .....                  (no boots)
Stlth    ++........             (no amulet)
HPRegen  0.06/turn              (no ring)
MPRegen  0.11/turn              (no ring)

@: no status effects
A: no striking features
a: no special abilities


You were on level 2 of the Dungeon.
You visited 1 branch of the dungeon, and saw 2 of its levels.

You collected 91 gold pieces.

Inventory:

Hand Weapons
 a - a +0 dagger
 j - a cursed +0 dagger (weapon)
Missiles
 f - 49 stones
 l - 7 atropa-tipped darts
 n - 6 boomerangs
 p - 26 arrows
Armour
 d - a +0 robe
 h - a +0 leather armour (worn)
Jewellery
 m - an uncursed amulet of reflection {unknown}
Wands
 c - a wand of random effects (15)
Scrolls
 e - 2 scrolls of identify {unknown}
 g - 4 scrolls of immolation {unknown}
 i - a scroll of remove curse {unknown}
 o - a scroll of teleportation {unknown}
Potions
 b - a potion of lignification
 k - a potion of degeneration {unknown}


   Skills:
 - Level 1.5 Fighting
 - Level 2.0 Short Blades
 - Level 1.2 Stealth
 - Level 3.0 Spellcasting
 + Level 3.4 Conjurations
 - Level 1.1 Fire Magic
 - Level 2.1 Evocations


You had 7 spell levels left.
You knew the following spells:

 Your Spells              Type           Power        Failure   Level
a - Magic Dart            Conj           48%          7%          1

Your spell library contained the following spells:

 Spells                   Type           Power        Failure   Level
 Conjure Flame            Conj/Fire      9%           34%         3
 Blink                    Tloc           N/A          41%         2
 Call Imp                 Summ           2%           41%         2
 Slow                     Hex            2%           41%         2
 Mephitic Cloud           Conj/Pois/Air  5%           50%         3


Dungeon Overview and Level Annotations

Branches:
Dungeon (2/15)

Altars:
Nemelex Xobeh

Annotations:
D:2 Sigmund


Message History

Confirm with . or Enter, or press ? or * to list all spells.
Aiming: Magic Dart (safe; 7% risk of failure)
Press: ? - help, Shift-Dir - straight line, f/p - Sigmund
Aim: Sigmund, wielding a +0 scythe and wearing a +0 robe (lightly wounded, 0% to evade)
The magic dart hits Sigmund.
Sigmund is lightly wounded.
Sigmund casts a spell at you. The puff of flame hits you!
Ouch! That really hurt!
* * * LOW HITPOINT WARNING * * *
Casting: Magic Dart (safe; 7% risk of failure)
Confirm with . or Enter, or press ? or * to list all spells.
Aiming: Magic Dart (safe; 7% risk of failure)
Press: ? - help, Shift-Dir - straight line, f/p - Sigmund
Aim: Sigmund, wielding a +0 scythe and wearing a +0 robe (lightly wounded, 0% to evade)
The magic dart hits Sigmund.
Sigmund is moderately wounded.
Sigmund points at you and mumbles some strange words.
The puff of flame hits you!
You die...

. ##### .# . ##
#...#####.. ###. ...
+.......... ....# .(.⌠.
#.......@@. ##... ...._.
+.......... .....
...⌠.⌠###.........# .....
+..<.@........#..#....
.#.#.###?......##.#...#
?..............##......
.......#.........# #.....
#################.#+######
#.....
..............##..#.#
#....
#########.....##.##.#
#^... # #........##'###
#...< # #.....####....####
#...#


You could see Sigmund.

Vanquished Creatures
  An adder (D:2)
  2 dart slugs (D:1)
  A leopard gecko (D:1)
  5 bats
  3 giant cockroaches
  5 goblins
  4 hobgoblins
  A kobold (D:1)
  A frilled lizard (D:1)
  6 rats
29 creatures vanquished.

Notes
Turn   | Place    | Note
-------+----------+-------------------------------------------
     0 | D:1      | Descartes the Deep Elf Wanderer began the quest for the
                  | Orb.
     0 | D:1      | Descartes set off with the following items: a +0 dagger, a
                  | potion of lignification, a wand of random effects (15), a
                  | +0 robe; and the following spell memorised: Magic Dart; and
                  | the following spells available to memorise: Blink, Call
                  | Imp, Slow, Conjure Flame, Mephitic Cloud
     0 | D:1      | Reached XP level 1. HP: 12/12 MP: 6/6
    42 | D:1      | Reached skill level 1 in Conjurations
   195 | D:1      | Reached XP level 2. HP: 3/16 MP: 0/8
  1402 | D:1      | Reached XP level 3. HP: 20/20 MP: 3/9
  2107 | D:2      | Noticed Sigmund
  2242 | D:2      | Found a sparkling altar of Nemelex Xobeh.
  2274 | D:2      | Killed from afar by Sigmund

Illustrated notes

Levels and vault maps discovered:
D:1:      co_arrival_hall_of_pillars, layout_basic,
          chequers_serial_rivers_large_a
D:2:      layout_basic, nemelex_xobeh_ov_fountains_minmay, minmay_heptomino_l4,
          uniq_sigmund, uniq_terence

Skill      XL: |  1  2 |
---------------+-------+-----
Conjurations   | 2 3 |  3.4
Fighting       | |  1.5
Short Blades   | |  2.0
Stealth        | |  1.2
Spellcasting   | |  3.0
Fire Magic     | |  1.1
Evocations     | |  2.1

Action                   || total
-------------------------++-------
Melee: Dagger            ||     6
 Cast: Magic Dart        ||    85
Armor: Leather armour    ||     6
Dodge: Dodged            ||    12
